 Dungeon Crawl Stone Soup version 0.31-a0-198-g2ad674f65e (webtiles) character file.

Game seed: 13957002132041655775

84 qw the Shooter (level 4, -7/25 HPs)
             Began as a Deep Elf Hunter on June 25, 2023.
             Killed by divine providence
             ... invoked by an orc priest
              (9 damage)
             ... on level 3 of the Dungeon.
             The game lasted 00:00:41 (1657 turns).

qw the Shooter (Deep Elf Hunter)                    Turns: 1657, Time: 00:00:41

Health: -7/25      AC:  9    Str: 10    XL:     4   Next: 24%
Magic:  6/6        EV: 11    Int: 17    God:
Gold:   85         SH:  0    Dex: 18    Spells: 3/3 levels left

rFire   . . .        Y - +0 shortbow
rCold   . . .        (shield currently unavailable)
rNeg    . . .        b - +2 ring mail of Tire {Will+ rCorr Int+3}
rPois   .            (no helmet)
rElec   .            h - +1 cloak
rCorr   +            (no gloves)
SInv    .            (no boots)
Will    +....        (no amulet) Stlth
                     (no ring)
HPRegen 0.24/turn    (no ring)
MPRegen 0.10/turn

%: no passive effects
@: confused, about to teleport
A: no striking features
a: no special abilities


You were on level 3 of the Dungeon.
You visited 1 branch of the dungeon, and saw 3 of its levels.

You collected 85 gold pieces.


   Skills:
 - Level 1.5 Fighting
 + Level 7.7 Ranged Weapons
 - Level 2.4 Dodging
 - Level 1.2 Stealth


You had 3 spell levels left.
You didn't know any spells.
Your spell library was empty.

Inventory:

Hand Weapons
 Y - a +0 shortbow (weapon)
Armour
 b - the +2 ring mail of Tire (worn) {Will+ rCorr Int+3}
   (You found it on level 2 of the Dungeon)

   Int:       It affects your intelligence (+3).
   rCorr:     It protects you from acid and corrosion.
   Will:      It increases your willpower.
 h - a +1 cloak (worn)
Scrolls
 a - 3 scrolls of identify
 c - a scroll of poison {unknown}
Potions
 d - a potion of curing {unknown}

Dungeon Overview and Level Annotations

Branches:
Dungeon (3/15)

Altars:
Ru


Message History

The orc hits you but does no damage.
The orc wizard hits you but does no damage.
You shoot an arrow. The arrow hits the orc wizard.
The orc wizard is severely wounded.
The orc closely misses you. The orc wizard casts a spell at you.
The puff of flame hits you.
The orc wizard hits you with a +0 dagger.
The orc hits you with a +0 hand axe.
You shoot an arrow. The arrow hits the orc wizard.
The orc wizard is almost dead.
The orc hits you but does no damage.
The orc priest looks braver for a moment.
The orc wizard hits you but does no damage.
You shoot an arrow. The arrow misses the orc wizard.
The orc hits you with a +0 hand axe.
The orc wizard mumbles some strange words.
The orc wizard flickers and vanishes!
Deactivating autopickup; reactivate with Ctrl-A.
You shoot an arrow. The arrow barely misses the orc.
The orc closely misses you. Something hits you but does no damage.
You shoot an arrow. The arrow closely misses the orc.
The orc hits you but does no damage. Something hits you.
You shoot an arrow. The arrow hits the orc.
The orc is heavily wounded.
The orc hits you with a +0 hand axe. Something hits you but does no damage.
1656 ||| READING scroll of teleportation.
As you read the scroll of teleportation, it crumbles to dust.
You feel strangely unstable. The orc misses you. Something hits you.
You shoot an arrow. The arrow closely misses the orc.
The orc hits you but does no damage.
You hear some strange, mumbled words.
You are confused.
You hear some strange, mumbled words.
A puff of flame appears from out of thin air!
The puff of flame hits you but does no damage.
The orc priest mumbles some strange prayers to Beogh against you.
Beogh smites you!
You die...

........# ........#
........# ........#
.......[#
........#######
.......o{oo....
.......@#########
......<.........#
.........#.##.#.#
.........#.#
..............##.#
..............# ..
..............#######.
......................
..............########


You could see an orc priest and 2 orcs.

Vanquished Creatures
  3 gnolls (D:3)
  A dart slug (D:3)
  2 orcs (D:2)
  5 endoplasms
  3 goblins (D:1)
  6 hobgoblins
  2 jackals (D:1)
  3 quokkas (D:1)
  7 ball pythons
  A frilled lizard (D:3)
  7 kobolds
  8 rats
48 creatures vanquished.

Notes
Turn   | Place    | Note
-------+----------+-------------------------------------------
     0 | D:1      | qw the Deep Elf Hunter began the quest for the Orb.
     0 | D:1      | Reached XP level 1. HP: 12/12 MP: 3/3
     0 | D:1      | 0 ||| qw: Version: 0.3-a-22-g0ed2b0b
     0 | D:1      | 0 ||| qw: Game counter: 5249
     0 | D:1      | 0 ||| qw: Melee chars always use a shield: true
     0 | D:1      | 0 ||| qw: God list: Okawaru
     0 | D:1      | 0 ||| qw: Allow faded altars: false
     0 | D:1      | 0 ||| qw: Do Orc after clearing Dungeon:15 true
     0 | D:1      | 0 ||| qw: Do second Lair branch before Depths: true
     0 | D:1      | 0 ||| qw: Lair rune preference: random
     0 | D:1      | 0 ||| qw: Goals: Normal
     0 | D:1      | 0 ||| PLANNING D:1-11
    98 | D:1      | Reached skill level 6 in Ranged Weapons
    98 | D:1      | Reached XP level 2. HP: 16/16 MP: 4/4
   114 | D:1      | 114 ||| FLEEEEING.
   120 | D:1      | 120 ||| FLEEEEING.
   121 | D:1      | 121 ||| FLEEEEING.
   122 | D:1      | 122 ||| FLEEEEING.
   123 | D:1      | 123 ||| FLEEEEING.
   232 | D:1      | Reached XP level 3. HP: 20/20 MP: 5/5
   586 | D:1      | 586 ||| UPGRADING to +0 scale mail.
   596 | D:1      | 596 ||| DROPPING +0 leather armour.
   597 | D:1      | 597 ||| UPGRADING to +0 cloak.
   602 | D:1      | 602 ||| READING 4 scrolls labelled GUFFIE DOGYMOBB.
   603 | D:1      | 603 ||| READING scroll labelled IREBRYECIN.
   606 | D:1      | 606 ||| READING 3 scrolls of identify.
   606 | D:1      | 606 ||| IDENTIFYING white potion
   607 | D:1      | 607 ||| DROPPING scroll of butterflies.
   608 | D:1      | 608 ||| DROPPING potion of brilliance.
   670 | D:2      | Identified the +2 ring mail of Tire {Will+ rCorr Int+3}
  1047 | D:2      | Found a faded altar of an unknown god.
  1152 | D:2      | Reached skill level 7 in Ranged Weapons
  1361 | D:2      | 1361 ||| UPGRADING to +2 ring mail of Tire {Will+ rCorr
                  | Int+3}.
  1371 | D:2      | 1371 ||| DROPPING +0 scale mail.
  1372 | D:2      | 1372 ||| READING scroll labelled IZYAHA GICVE.
  1373 | D:2      | 1373 ||| READING 3 scrolls of identify.
  1373 | D:2      | 1373 ||| IDENTIFYING puce potion
  1374 | D:2      | 1374 ||| DROPPING potion of berserk rage.
  1433 | D:3      | 1433 ||| READING scroll of enchant armour.
  1433 | D:3      | 1433 ||| ENCHANTING +0 cloak.
  1506 | D:3      | Found a sacrificial altar of Ru.
  1542 | D:3      | 1542 ||| Stepping ~*~*~tactically~*~*~ (outnumbered).
  1557 | D:3      | Reached XP level 4. HP: 13/25 MP: 6/6
  1655 | D:3      | HP: 3/25 [orc/+0 hand axe (5)]
  1656 | D:3      | 1656 ||| READING scroll of teleportation.
  1656 | D:3      | HP: 1/25 [something (2)]
  1657 | D:3      | Killed from afar by an orc priest

Levels and vault maps discovered:
D:1:      dpeg_arrival_fog, layout_basic
D:2:      layout_basic, hellmonk_ecumenical_altar_defaced_shrine, nrook_uturn
D:3:      layout_basic, lemuel_doored_altar,
          mainiacjoe_overflow_small_starburst,
          nicolae_hepliaklqana_monster_ancestors, serial_shops,
          nicolae_shop_window_shopping

Skill      XL: |  1  2  3 |
---------------+----------+-----
Ranged Weapons | 6 7 |  7.7
Fighting       | |  1.5
Dodging        | |  2.4
Stealth        | |  1.2

Action                     |  1- 3 |  4- 6 || total
---------------------------+-------+-------++-------
   Fire: Shortbow          |   122 |    24 ||   146
    Use: Scroll            |     6 |     1 ||     7
 Armour: Leather armour    |     1 |       ||     1
         Ring mail         |     5 |    14 ||    19
         Scale mail        |     1 |       ||     1
  Dodge: Dodged            |    16 |     6 ||    22

Table legend:
 A = Non-vault XP
 B = Vault XP
 C = Vault XP percentage of total XP
 D = Non-vault monster count
 E = Vault monster count
 F = Vault count percentage of total count
                 A         B        C        D         E       F
            +---------+---------+-------+---------+---------+-------
      Total |     115 |       6 |   5.0 |      46 |       2 |   4.2
            +---------+---------+-------+---------+---------+-------
        D:1 |      50 |       0 |   0.0 |      30 |       0 |   0.0
        D:2 |      10 |       6 |  37.5 |       7 |       2 |  22.2
        D:3 |      55 |       0 |   0.0 |       9 |       0 |   0.0
            +---------+---------+-------+---------+---------+-------
